 Dungeon Crawl Stone Soup version 0.31.0-12-g77e489cdc1 (webtiles) character file.

Game seed: 2258737875907033218

8863 cdecastro the Destroyer (level 11, 0/69 HPs)
             Began as a Deep Elf Fire Elementalist on Feb 15, 2024.
             Was an Initiate of Gozag.
             Slain by a kobold brigand
             ... wielding a +0 whip
              (3 damage)
             ... on level 10 of the Dungeon.
             The game lasted 00:32:42 (13975 turns).

cdecastro the Destroyer (DEFE)                     Turns: 13975, Time: 00:32:43

Health: 0/69       AC:  8    Str:  5    XL:     11   Next: 15%
Magic:  4/24       EV: 17    Int: 25    God:    Gozag
Gold:   808        SH:  0    Dex: 15    Spells: 17/30 levels left

rFire   . . .        J - +7 Throatcutter {drain, coup de grace}
rCold   + + .        (no shield)
rNeg    + + .        U - +2 robe "Riddy" {*Corrode rC++ rN++}
rPois   .            r - +0 helmet
rElec   .            q - +1 cloak {Will+}
rCorr   .            C - +0 pair of gloves
SInv    +            (no boots)
Will    ++...        (no amulet)
Stlth   +++          i - ring of see invisible
HPRegen 0.31/turn    O - +4 ring of protection
MPRegen 0.19/turn

%: corrode self (3%)
@: corroded, gold aura
A: low MP 1, robust 1
a: Renounce Religion, Potion Petition, Call Merchant, Bribe Branch


You were on level 10 of the Dungeon.
You worshipped Gozag.
Gozag was pleased with you.
You visited 2 branches of the dungeon, and saw 11 of its levels.
You also visited: Sewer and Ossuary.

You collected 1673 gold pieces.
You spent 793 gold pieces at shops.
You paid 72 gold pieces to Gozag.

Inventory:

Hand Weapons
 J - the +7 Throatcutter (weapon) {drain, coup de grace}
   (You bought it in a shop on level 4 of the Dungeon)
 V - a +4 scimitar of flaming
Armour
 q - a +1 cloak of willpower (worn)
 r - a +0 helmet (worn)
 C - a +0 pair of gloves (worn)
 Q - a +1 robe of positive energy
 R - the +0 robe of Vlad {Rampage Regen+}
   (You took it off an orc on level 8 of the Dungeon)

   Regen+:    It increases your rate of health regeneration.
   Rampage:   It bestows one free step when moving towards enemies.
 U - the +2 robe "Riddy" (worn) {*Corrode rC++ rN++}
   (You found it on level 9 of the Dungeon)

   rC++:      It greatly protects you from cold.
   rN++:      It greatly protects you from negative energy.
   *Corrode:  It may corrode you when you take damage.
Magical Staves
 o - a staff of earth
Jewellery
 a - a ring of positive energy
 i - a ring of see invisible (left hand)
 v - a ring of protection from cold
 G - a +6 ring of dexterity
 O - a +4 ring of protection (right hand)
 P - a +4 ring of slaying
Wands
 g - a wand of paralysis (10)
 w - a wand of flame (42)
 F - a wand of polymorph (13)
Scrolls
 e - 4 scrolls of fear
 f - 4 scrolls of teleportation
 h - a scroll of summoning {unknown}
 m - a scroll of noise {unknown}
 n - 2 scrolls of silence {unknown}
 p - 3 scrolls of immolation
 t - a scroll of revelation {unknown}
 x - 2 scrolls of fog {unknown}
 y - a scroll of poison {unknown}
 z - 10 scrolls of identify
 D - 2 scrolls of brand weapon {unknown}
 E - a scroll of vulnerability {unknown}
 K - a scroll of amnesia {unknown}
 L - 4 scrolls of enchant weapon {unknown}
 S - 2 scrolls of blinking
 T - a scroll of torment
Potions
 b - 2 potions of magic
 c - 4 potions of might {unknown}
 d - 4 potions of brilliance
 j - 2 potions of mutation
 k - 2 potions of invisibility {unknown}
 l - a potion of haste {unknown}
 s - a potion of lignification {unknown}
 u - 3 potions of heal wounds {unknown}
 A - 2 potions of ambrosia {unknown}
 B - 3 potions of enlightenment {unknown}
 H - a potion of curing {unknown}
 I - a potion of attraction {unknown}
 M - 2 potions of degeneration {unknown}
 N - a potion of resistance {unknown}


   Skills:
 - Level 5.0 Fighting
 - Level 10.0 Dodging
 - Level 5.0 Stealth
 - Level 10.0 Spellcasting
 + Level 10.4 Conjurations
 - Level 8.5 Fire Magic


You had 17 spell levels left.
You knew the following spells:

 Your Spells              Type           Power      Damage    Failure   Level
a - Foxfire               Conj/Fire      100%       2x1d9     1%          1
b - Scorch                Fire           100%       2d9       1%          2
c - Inner Flame           Hex/Fire       33%        N/A       2%          3
d - Volatile Blastmotes   Fire/Tloc      66%        2d15      2%          3
e - Flame Wave            Conj/Fire      56%        2d13      1%          4

Your spell library contained the following spells:

 Spells                   Type           Power      Damage    Failure   Level
 Kiss of Death            Conj/Necr      100%       2d13      1%          1
 Hailstorm                Conj/Ice       38%        3d9       1%          3
 Freeze                   Ice            48%        1d6       4%          1
 Slow                     Hex            48%        N/A       4%          1
 Sublimation of Blood     Necr           12%        N/A       8%          2
 Call Canine Familiar     Summ           12%        N/A       14%         3
 Confusing Touch          Hex            12%        N/A       14%         3
 Frozen Ramparts          Ice            24%        1d4       14%         3
 Sigil of Binding         Hex            12%        N/A       14%         3
 Vampiric Draining        Necr           12%        2d6       14%         3
 Anguish                  Hex/Necr       6%         N/A       43%         4
 Dimensional Bullseye     Hex/Tloc       6%         N/A       43%         4
 Metabolic Englaciation   Hex/Ice        6%         N/A       80%         5
 Summon Cactus Giant      Summ           6%         N/A       100%        6
 Haunt                    Necr/Summ      6%         N/A       100%        7
 Borgnjor's Revivificati  Necr           6%         N/A       100%        8
 Death's Door             Necr           6%         N/A       100%        9


Dungeon Overview and Level Annotations

Branches:
Dungeon (10/15)            Temple (1/1) D:7            Lair (0/5) D:9
  Sewer (visited)         Ossuary (visited)
    Orc: D:9-12

Altars:
Ashenzari
Cheibriados
Dithmenos
Elyvilon
Fedhas
Gozag
Hepliaklqana
Kikubaaqudgha
Makhleb
Nemelex Xobeh
Okawaru
Qazlal
Ru
Sif Muna
Trog
Uskayaw
Vehumet
Wu Jian
Xom
Yredelemnul
Zin
The Shining One

Shops:
D:4 *


Innate Abilities, Weirdness & Mutations

Your magical capacity is low. (-10% MP)
You are robust. (+10% HP)


Message History

The kobold shouts!
You hear a shout!
You hit the kobold brigand but do no damage.
The kobold throws a poisoned dart.
The poisoned dart barely misses you.
The kobold brigand hits you but does no damage.
The kobold throws a poisoned dart.
The poisoned dart closely misses you.
The kobold brigand hits you but does no damage.
You closely miss the kobold brigand. The kobold hits you but does no damage.
The kobold throws a poisoned dart.
The poisoned dart misses you.
The kobold brigand hits you with a +0 whip!
* * * LOW HITPOINT WARNING * * *
You closely miss the kobold brigand. The kobold completely misses you. x2
The kobold brigand closely misses you.
You hit the kobold brigand. You drain the kobold brigand.
The kobold brigand is moderately wounded.
The kobold barely misses you.
A kobold comes into view. It is wielding a +0 short sword.
The kobold brigand closely misses you. The kobold closely misses you.
The kobold barely misses you.
The kobold hits you with a +0 short sword.
* * * LOW HITPOINT WARNING * * *
Your corrosive artefact corrodes you!
The kobold brigand closely misses you.
Unknown command.
Unknown command.
Casting: Flame Wave (dangerous; 1% risk of failure)
Confirm with . or Enter, or press ? or * to list all spells.
Casting: Flame Wave (dangerous; 1% risk of failure)
Press: ? - help, Dir - look around, f - activate A wave of flame ripples out!
The flame wave engulfs the kobold!
You kill the kobold!
The flame wave engulfs the kobold!
You kill the kobold!
The flame wave engulfs the kobold brigand!
The kobold brigand is severely wounded.
The flame wave engulfs the kobold!
You kill the kobold! (Press . to intensify the flame waves.)
The kobold throws a stone.
The stone misses you.
The kobold brigand hits you with a +0 whip.
You die...
Your body crumbles into a pile of gold.

#.. #.### # #.#....#
#.#.#..###
########.#.#..#.#
#.....##.#.#....##
#.....'...........
#..K..##.#)#<.#.##
##@#####.#.#..#.###
#>K$....K..........
#......#.#.#..#.###
#......#.#.#..#.###
#......#.#.#......#
#......#.#.#....#.#
#......#.#.#..#.#.#
#......#.#....#.#.#
############.#.######.#.#


You could see a kobold brigand (drained) and 2 kobolds.

Vanquished Creatures
  Erica (D:9)
  2 two-headed ogres
  An unseen horror (D:7)
  A komodo dragon (D:10)
  A kobold demonologist (D:10)
  A troll (D:10)
  A hornet (D:6)
  Prince Ribbit (D:9)
  A wraith (D:10)
  5 yaks
  A steam dragon (D:9)
  A water moccasin (D:7)
  2 orc warriors
  A sky beast (D:6)
  3 ice beasts
  2 black bears (D:4)
  2 ogres
  4 centaurs
  A phantom (D:7)
  A kobold brigand (D:8)
  A bullfrog (D:6)
  2 brain worms (Sewer)
  2 scorpions (D:6)
  6 water moccasin zombies (Ossuary)
  12 wights
  A burial acolyte (Ossuary)
  17 killer bees
  5 electric eels (D:10)
  2 bombardier beetles (D:5)
  A spectral scorpion (Ossuary)
  2 gnoll boudas
  A hound (D:4)
  Crazy Yiuf (D:3)
  6 orc priests
  2 jellies
  Ijyb (D:5)
  2 iguanas (D:5)
  4 orc wizards
  A crocodile zombie (Ossuary)
  2 mummies (Ossuary)
  13 gnolls
  7 adders
  5 river rats
  2 white imps
  4 ufetubi (D:6)
  An adder zombie (Ossuary)
  2 dart slugs
  31 orcs
  5 bats
  A bat skeleton (D:2)
  A bat zombie (D:2)
  An endoplasm (D:3)
  2 giant cockroaches (D:1)
  10 gnoll zombies (Ossuary)
  6 goblins
  9 hobgoblins
  2 jackals (Sewer)
  15 kobolds
  3 quokkas
  9 ball pythons
  A ball python zombie (D:2)
  3 frilled lizards
  A jackal zombie (Ossuary)
  2 orc zombies (Ossuary)
  9 rats
249 creatures vanquished.

Vanquished Creatures (collateral kills)
  14 foxfires
14 creatures vanquished.

Vanquished Creatures (others)
  713 foxfires
713 creatures vanquished.

Grand Total: 976 creatures vanquished

Notes
Turn   | Place    | Note
-------+----------+-------------------------------------------
     0 | D:1      | cdecastro the Deep Elf Fire Elementalist began the quest
                  | for the Orb.
     0 | D:1      | Reached XP level 1. HP: 10/10 MP: 6/6
   183 | D:1      | Reached XP level 2. HP: 15/15 MP: 2/8
   387 | D:1      | Found Oxkis's Magic Scroll Shop.
   475 | D:1      | Bought a scroll of teleportation for 42 gold pieces
   719 | D:2      | Reached XP level 3. HP: 19/19 MP: 0/9
  1648 | D:3      | Noticed an ice beast
  1659 | D:3      | Killed an ice beast
  1660 | D:3      | Reached XP level 4. HP: 24/24 MP: 2/10
  1665 | D:3      | Learned a level 2 spell: Scorch
  1724 | D:3      | Found a glowing drain.
  1737 | D:3      | Reached XP level 5. HP: 28/28 MP: 6/11
  1795 | Sewer    | Entered a sewer
  2320 | Sewer    | Reached XP level 6. HP: 28/32 MP: 8/12
  3082 | D:3      | Found a broken altar of Ashenzari.
  3389 | D:3      | Found a runed translucent door.
  3390 | D:3      | Noticed Crazy Yiuf
  3643 | D:3      | Killed Crazy Yiuf
  3772 | D:4      | Found Kyeveist's CLEARANCE SALE!.
  3835 | D:4      | Reached skill level 5 in Spellcasting
  3835 | D:4      | Reached XP level 7. HP: 36/36 MP: 11/17
  3941 | D:4      | Found an opulent altar of Gozag.
  3966 | D:4      | Became a worshipper of Gozag Ym Sagoz the Greedy
  4640 | D:5      | Entered Level 5 of the Dungeon
  5006 | D:5      | You fall into a shaft and drop 2 floors!
  5123 | D:7      | Learned a level 3 spell: Inner Flame
  5127 | D:7      | Learned a level 3 spell: Volatile Blastmotes
  5132 | D:7      | Learned a level 4 spell: Flame Wave
  5166 | D:7      | Found a staircase to the Ecumenical Temple.
  5173 | Temple   | Entered the Ecumenical Temple
  5205 | D:7      | Gained mutation: Your magical capacity is low. (-10% MP)
                  | [potion of mutation]
  5205 | D:7      | Gained mutation: You are robust. (+10% HP) [potion of
                  | mutation]
  5356 | D:7      | Reached XP level 8. HP: 45/45 MP: 15/20
  5481 | D:7      | Reached skill level 10 in Spellcasting
  5698 | D:7      | Found a sand-covered staircase.
  5707 | Ossuary  | Entered an ossuary
  6228 | Ossuary  | Reached skill level 5 in Conjurations
  7188 | D:4      | Bought the +7 Throatcutter {drain, coup de grace} for 289
                  | gold pieces
  7188 | D:4      | Found the +7 Throatcutter {drain, coup de grace}
  7324 | D:5      | Noticed Ijyb
  7328 | D:5      | Killed Ijyb
  7336 | D:5      | Reached XP level 9. HP: 42/49 MP: 11/22
  8618 | D:6      | Found a white marble altar of Elyvilon.
  9256 | D:7      | Found a hazy altar of Hepliaklqana.
  9288 | D:7      | Noticed an unseen horror
  9293 | D:7      | Killed an unseen horror
  9369 | D:7      | Noticed a two-headed ogre
  9407 | D:7      | Killed a two-headed ogre
  9408 | D:7      | Reached skill level 10 in Conjurations
  9762 | D:7      | Reached XP level 10. HP: 52/63 MP: 12/23
 10404 | D:8      | Identified the +0 robe of Vlad {Rampage Regen+}
 10419 | D:8      | Found a hide-covered altar of Uskayaw.
 10611 | D:1      | Bought a scroll of fear for 56 gold pieces
 10611 | D:1      | Bought a scroll of identify for 28 gold pieces
 10611 | D:1      | Bought a scroll of blinking for 105 gold pieces
 10611 | D:1      | Bought a scroll of fear for 56 gold pieces
 10611 | D:1      | Bought a scroll of identify for 28 gold pieces
 10611 | D:1      | Bought a scroll of immolation for 56 gold pieces
 10611 | D:1      | Bought a scroll of torment for 133 gold pieces
 11100 | D:8      | Reached skill level 5 in Fighting
 11479 | D:9      | Identified the +2 robe "Riddy" {*Corrode rC++ rN++}
 11529 | D:9      | Reached skill level 5 in Dodging
 12034 | D:9      | Found a staircase to the Lair.
 12038 | D:9      | Found a glowing golden altar of the Shining One.
 12200 | D:9      | Noticed Prince Ribbit
 12205 | D:9      | Killed Prince Ribbit
 12255 | D:9      | Got the Almanac of the Nival Autopsy
 12279 | D:9      | Noticed Erica
 12304 | D:9      | Killed Erica
 12813 | D:10     | Entered Level 10 of the Dungeon
 13087 | D:10     | Reached skill level 10 in Dodging
 13520 | D:10     | HP: 2/64 [komodo dragon (13)]
 13522 | D:10     | Reached XP level 11. HP: 2/69 MP: 6/24
 13782 | D:10     | Noticed a two-headed ogre
 13805 | D:10     | Killed a two-headed ogre
 13806 | D:10     | Reached skill level 5 in Stealth
 13974 | D:10     | HP: 3/69 [kobold/+0 short sword (3)]
 13975 | D:10     | Slain by a kobold brigand

Illustrated notes

Levels and vault maps discovered:
D:1:      mushboom_english_gardens, layout_rooms, serial_shops, shop_statue
D:2:      layout_loops_ring, serial_undead, serial_undead_a, serial_undead_f,
          serial_undead_a, serial_undead_b, serial_undead_d, serial_undead_e
D:3:      layout_rooms, overflow_temple_1_default, serial_curves,
          eino_curves_03, eino_curves_02, cheibrodos_sewer_entry_sluice,
          kennysheep_orc_chapel, uniq_crazy_yiuf_cottage
D:4:      layout_basic, mainiacjoe_overflow_cross_hatched,
          serial_library_hellmonk_secret_room, nicolae_shop_clearance
D:5:      layout_basic, serial_rivers, chequers_serial_rivers_micro_a,
          chequers_serial_rivers_micro_e, chequers_serial_rivers_large_b,
          chequers_serial_rivers_micro_e, chequers_serial_rivers_micro_c,
          chequers_serial_rivers_small_b, uniq_ijyb
D:6:      layout_gridville, mainiacjoe_overflow_boulevard, grunt_ministairs_6,
          bh_walls_and_bars
D:7:      layout_cave_pods, nzn_hepliaklqana_mist_gate,
          minmay_temple_entry_steel_oval, nicolae_ossuary_entry_monument,
          nicolae_eternal_life
D:8:      layout_basic, mainiacjoe_overflow_24_doors, minmay_unpleasant_kobolds
D:9:      layout_loops_ring, tso_oasis_becter, lair_entry_dummy, uniq_erica,
          uniq_prince_ribbit1
D:10:     layout_basic, ebering_ghost_rock_garden,
          minmay_fractal_squares_diagonal_5
Temple:   regret_index_temple_sphere_string

Skill      XL: |  1  2  3  4  5  6  7  8  9 10 11 |
---------------+----------------------------------+-----
Fire Magic     | 4 6 7 8 |  8.5
Spellcasting   | 5 9 10 | 10.0
Conjurations   | 7 10 | 10.4
Fighting       | 4 5 |  5.0
Dodging        | 10 | 10.0
Stealth        | 4 5 |  5.0

Action                     |  1- 3 |  4- 6 |  7- 9 | 10-12 || total
---------------------------+-------+-------+-------+-------++-------
  Melee: Unarmed           |    10 |       |       |       ||    10
         Dagger            |     5 |    27 |     7 |       ||    39
         Long sword        |       |       |       |    24 ||    24
   Cast: Foxfire           |    77 |    92 |   188 |    67 ||   424
         Scorch            |       |    11 |    82 |    43 ||   136
         Flame Wave        |       |       |     6 |    11 ||    17
         Volatile Blastmot |       |       |     2 |     7 ||     9
         Inner Flame       |       |       |       |     1 ||     1
    Use: Potion            |       |       |     2 |       ||     2
         Scroll            |       |       |       |     1 ||     1
 Armour: Robe              |    14 |     4 |    44 |    55 ||   117
  Dodge: Dodged            |    12 |     4 |    48 |    60 ||   124
